 Dungeon Crawl Stone Soup version 0.18-a0-631-g21f262b (webtiles) character file.

2394 nono the Reanimator (level 9, -1/45 HPs)
             Began as a Deep Elf Necromancer on Dec 4, 2015.
             Was a Follower of Sif Muna.
             Slain by a killer bee (7 damage)
             ... on level 7 of the Dungeon.
             The game lasted 00:39:10 (6897 turns).

nono the Reanimator (Deep Elf Necromancer)          Turns: 6897, Time: 00:39:10

Health: -1/45      AC:  6    Str:  5      XL:     9   Next: 22%
Magic:  17/24      EV: 12    Int: 24      God:    Sif Muna [*.....]
Gold:   389        SH:  3    Dex: 13 (15) Spells: 6 memorised, 12 levels left

rFire  . . .     SeeInvis +     t - +2 dagger (venom)
rCold  + + .     Clarity  .     a - +0 robe
rNeg   + . .     SustAt   .     z - +0 buckler
rPois  .         Gourm    .     I - +0 helmet of the Six Spirits {-Tele rC+ rN+ SInv}
rElec  .         Spirit   .     A - +2 cloak
rCorr  .         Dismiss  .     (no gloves)
rMut   .         NoTele   +     (no boots)
MR     .....                    w - amulet of regeneration
Stlth  ++........               (no ring)
                                B - ring of protection from cold

@: regenerating, not resistant to hostile enchantments, unstealthy
A: no striking features
a: Channel Energy, Renounce Religion


You were on level 7 of the Dungeon.
You worshipped Sif Muna.
Sif Muna was aware of your devotion.
You were not hungry.

You visited 2 branches of the dungeon, and saw 8 of its levels.

You collected 389 gold pieces.

Inventory:

Hand Weapons
 e - a +0 mace
 g - a +4 short sword
 t - a +2 dagger of venom (weapon)
 G - a +2 mace of holy wrath
 L - a +1 dagger of venom
Armour
 a - a +0 robe (worn)
 s - a +0 cloak
 z - a +0 buckler (worn)
 A - a +2 cloak (worn)
 I - the +0 helmet of the Six Spirits (worn) {-Tele rC+ rN+ SInv}
   (You found it on level 5 of the Dungeon)

   It protects you from cold.
   It protects you from negative energy.
   It lets you see invisible.
   It prevents most forms of teleportation.
Jewellery
 w - an amulet of regeneration (around neck)
 y - an uncursed ring of see invisible {unknown}
 B - a ring of protection from cold (left hand)
Wands
 C - a wand of magic darts (13)
 H - a wand of confusion (27)
 K - a wand of flame (10)
Scrolls
 f - 10 scrolls of identify {unknown}
 i - 2 scrolls of remove curse {unknown}
 j - 3 scrolls of random uselessness {unknown}
 m - a scroll of fog {unknown}
 o - 2 scrolls of immolation {unknown}
 u - a scroll of enchant weapon {unknown}
 v - 3 scrolls of noise {unknown}
 F - a scroll of blinking {unknown}
 N - a scroll of amnesia {unknown}
Potions
 d - a potion of curing
 k - a potion of haste {unknown}
 l - a potion of ambrosia {unknown}
 n - 2 potions of poison {unknown}
 q - a potion of cancellation {unknown}
 x - a potion of mutation {unknown}
 D - 2 potions of might {unknown}
 E - a potion of heal wounds {unknown}
Books
 b - a book of Necromancy

   Spells                             Type                      Level
   a - Pain                           Necromancy                   1
   b - Animate Skeleton               Necromancy                   1
   c - Vampiric Draining              Necromancy                   3
   d - Regeneration                   Charms/Necromancy            3
   e - Animate Dead                   Necromancy                   4
   f - Control Undead                 Necromancy                   4
 p - a book of Party Tricks

   Spells                             Type                      Level
   a - Summon Butterflies             Summoning                    1
   b - Apportation                    Translocation                1
   c - Tukima's Dance                 Hexes                        3
   d - Alistair's Intoxication        Transmutation/Poison         4
   e - Invisibility                   Hexes                        6
Comestibles
 c - 5 bread rations
 h - a beef jerky
 r - 3 meat rations
 J - 4 fruits
 M - 2 chunks of flesh


   Skills:
 - Level 2.4 Dodging
 - Level 2.4 Stealth
 + Level 9.1 Spellcasting
 - Level 5.7 Charms
 * Level 12.0 Necromancy
 + Level 1.5 Translocations


You had 12 spell levels left.
You knew the following spells:

 Your Spells              Type           Power        Failure   Level  Hunger
a - Pain                  Necr           ####         1%          1    None
b - Animate Skeleton      Necr           N/A          1%          1    None
c - Regeneration          Chrm/Necr      ######....   1%          3    None
d - Animate Dead          Necr           N/A          1%          4    ##.....
e - Control Undead        Necr           ######....   1%          4    ##.....
f - Apportation           Tloc           ###.......   8%          1    None


Dungeon Overview and Level Annotations

Branches:
Dungeon (7/15)             Temple (1/1) D:6

Altars:
Elyvilon
Fedhas
Kikubaaqudgha
Makhleb
Nemelex Xobeh
Pakellas
Qazlal
Ru
Sif Muna
Vehumet
Xom
Yredelemnul

Annotations:
D:3 Hedron's ghost, amateur DENe


Message History

Your killer bee zombie closely misses the killer bee.
Casting: Animate Dead
Confirm with . or Enter, or press ? or * to list all spells.
Your skin crawls.
You feel sick.
You kill the killer bee!
Your killer bee zombie hits the killer bee.
The killer bee stings you!
* * * LOW HITPOINT WARNING * * *
You are lethally poisoned!
The killer bee poisons you!
Drink which item? (? for menu, Esc to quit)
You feel better.
Your killer bee zombie completely misses the killer bee.
Your killer bee zombie hits the killer bee but does no damage.
The killer bee stings you!
* * * LOW HITPOINT WARNING * * *
Your killer bee zombie misses the killer bee.
Your killer bee zombie completely misses the killer bee.
The killer bee stings you!
You die...

### ### ### ###.#####...### #.#
#.....@yZ......
###.#######.#.####Z...#.#.#
..#...................#.#.####
#.#..######.#.#####...#.......
#.#..# #.#.#####.....#.....
#.#..######.#....................
.................................
.................................
#.#..............................


You could see a killer bee and 2 friendly killer bee zombies.

Vanquished Creatures
  Sigmund (D:4)
  A water moccasin (D:7)
  2 ice beasts (D:6)
  3 ogres
  2 giant frogs
  3 scorpions
  4 killer bees (D:7)
  2 crimson imps
  A centaur zombie (D:5)
  A quasit (D:6)
  4 hounds
  7 orc priests
  A jelly (D:6)
  An iguana (D:5)
  13 orc wizards
  5 worker ants
  2 hound skeletons (D:6)
  7 adders
  A shadow imp (D:3)
  3 oozes
  An adder skeleton (D:5)
  An adder zombie (D:6)
  5 worms
  20 orcs
  7 bats
  9 goblins
  8 hobgoblins
  13 jackals
  12 kobolds
  2 quokkas
  2 ball pythons
  4 giant geckos
  A giant gecko zombie (D:7)
  3 giant newts
  A jackal zombie (D:5)
  7 rats
160 creatures vanquished.

Vanquished Creatures (collateral kills)
  A hound (D:7)
  An iguana (D:7)
  A worker ant (D:7)
  An adder (D:2)
  An adder skeleton (D:7)
  A worm (D:3)
  A giant cockroach (D:3)
  A quokka (D:7)
  A giant newt (D:3)
9 creatures vanquished.

Grand Total: 169 creatures vanquished

Notes
Turn   | Place    | Note
--------------------------------------------------------------
     0 | D:1      | nono the Deep Elf Necromancer began the quest for the Orb.
     0 | D:1      | Reached XP level 1. HP: 10/10 MP: 6/6
     5 | D:1      | Learned a level 1 spell: Animate Skeleton
   107 | D:1      | Reached skill level 5 in Necromancy
   258 | D:1      | Reached XP level 2. HP: 7/15 MP: 8/8
   845 | D:1      | Reached XP level 3. HP: 12/19 MP: 3/10
   850 | D:1      | Learned a level 3 spell: Regeneration
  1644 | D:2      | Reached skill level 6 in Necromancy
  1652 | D:2      | Reached XP level 4. HP: 3/24 MP: 2/12
  2184 | D:3      | Learned a level 4 spell: Animate Dead
  2428 | D:3      | Reached skill level 1 in Charms
  2619 | D:3      | Reached XP level 5. HP: 15/28 MP: 8/13
  2961 | D:3      | Reached skill level 7 in Necromancy
  3058 | D:3      | Noticed Hedron's ghost (amateur DENe)
  3280 | D:3      | Reached XP level 6. HP: 25/32 MP: 6/15
  3461 | D:4      | Reached skill level 5 in Spellcasting
  3624 | D:4      | Noticed Sigmund
  3633 | D:4      | Killed Sigmund
  3633 | D:4      | Reached skill level 5 in Charms
  3725 | D:4      | Reached XP level 7. HP: 27/36 MP: 7/17
  3969 | D:4      | Reached skill level 8 in Necromancy
  4226 | D:4      | Found a blossoming altar of Fedhas.
  4370 | D:5      | Entered Level 5 of the Dungeon
  4795 | D:5      | Reached skill level 9 in Necromancy
  5173 | D:5      | Reached XP level 8. HP: 35/41 MP: 11/20
  5343 | D:5      | Got a distressingly furry helmet
  5349 | D:5      | Identified the +0 helmet of the Six Spirits {-Tele rC+ rN+ SInv} (You found it on level 5 of the Dungeon)
  5390 | D:5      | Learned a level 4 spell: Control Undead
  5547 | D:5      | Reached skill level 10 in Necromancy
  5749 | D:6      | Found an oddly glowing altar of Pakellas.
  5834 | D:6      | Found a sacrificial altar of Ru.
  6084 | D:6      | Found an ancient bone altar of Kikubaaqudgha.
  6131 | D:6      | Reached skill level 11 in Necromancy
  6178 | D:6      | Found a staircase to the Ecumenical Temple.
  6184 | Temple   | Entered the Ecumenical Temple
  6196 | Temple   | Became a worshipper of Sif Muna the Loreminder
  6476 | D:6      | Reached XP level 9. HP: 42/45 MP: 23/23
  6479 | D:6      | Learned a level 1 spell: Apportation
  6735 | D:7      | Reached * piety under Sif Muna
  6735 | D:7      | Reached skill level 1 in Translocations
  6892 | D:7      | Reached skill level 12 in Necromancy
  6896 | D:7      | HP: 1/45 [killer bee (7)]
  6897 | D:7      | Slain by a killer bee

Vault maps used:
D:1:      dpeg_arrival_central, dk_noncrumbling_3, st_stairs_9
D:2:      kennysheep_big_flooded_room, first_bread
D:3:      serial_co_window_serial, co_window_paths_a, co_window_corner_a,
          co_window_paths_b, co_window_corner_a, co_window_corner_a,
          co_window_paths_a, co_window_corner_a, co_window_2corner,
          co_window_cross_4, co_window_cross_4, co_window_paths_d,
          co_window_4corner_a, glass_columns_c, glass_columns_a,
          glass_columns_b, glass_columns_a
D:4:      overflow_temple_1_default, uniq_sigmund
D:6:      nicolae_ru_great_annihilating_truth, lemuel_doored_altar,
          johnstein_pakellas_death_squad, minmay_temple_entry_grid
D:7:      hangedman_cross_stitches, nicolae_tso_swordbearing_angel,
          roderic_serpentine_path
Temple:   circular_temple_12

Action                   |  1- 3 |  4- 6 |  7- 9 || total
-------------------------+-------+-------+-------++-------
Melee: Mace              |     8 |       |    22 ||    30
       Short sword       |    25 |    39 |    46 ||   110
       Dagger            |       |       |   226 ||   226
 Cast: Pain              |    53 |    67 |   101 ||   221
       Animate Skeleton  |     2 |     3 |       ||     5
       Regeneration      |     1 |    11 |    11 ||    23
       Animate Dead      |       |     4 |     6 ||    10
Evoke: Wand              |       |       |     4 ||     4
  Use: Potion            |       |       |     4 ||     4
 Stab: Sleeping          |     1 |     1 |     8 ||    10
       Distracted        |       |     1 |       ||     1
  Eat: Chunk             |     2 |     7 |    10 ||    19
       Beef jerky        |       |     1 |     1 ||     2
